 Dungeon Crawl Stone Soup version 0.20.1-1-g8b1a95d (webtiles) character file.

23993 HappyOgre the Cleaver (level 12, 0/112 HPs)
             Began as a Minotaur Fighter on Aug 5, 2017.
             Was a High Priest of Trog.
             Succumbed to an orange demon's poison
             ... on level 2 of the Orcish Mines.
             The game lasted 02:32:32 (8532 turns).

HappyOgre the Cleaver (Minotaur Fighter)            Turns: 8532, Time: 02:32:33

Health: 0/112      AC: 25    Str: 25    XL:     12   Next: 76%
Magic:  11/11      EV: 11    Int:  3    God:    Trog [*****.]
Gold:   902        SH: 18    Dex: 13    Spells: 11/11 levels left

rFire    . . .     SeeInvis .   b - +3 war axe (flame)
rCold    + . .     Gourm    .   s - +5 shield {AC+3}
rNeg     . . .     Faith    .   C - +0 plate armour
rPois    .         Spirit   .   m - +2 hat
rElec    .         Reflect  .   F - +1 cloak {+Inv}
rCorr    .         Harm     .   (no gloves)
MR       +....                  (no boots)
Stlth    ..........             y - amulet of rage
Regen    0.3/turn               g - ring of protection from cold
MPRegen  0.2/turn               r - ring of protection from magic

@: lethally poisoned (0 -> -10), berserk cooldown, slowed, very slow
A: retaliatory headbutt, hooves 1, horns 2, thin metallic scales 1, agile 1,
dopey 1
a: Berserk, Trog's Hand, Brothers in Arms, Burn Spellbooks, Renounce Religion,
Evoke Berserk Rage, Evoke Invisibility


You were on level 2 of the Orcish Mines.
You worshipped Trog.
Trog was extremely pleased with you.
You were very hungry.

You visited 3 branches of the dungeon, and saw 13 of its levels.

You collected 1408 gold pieces.
You spent 506 gold pieces at shops.

Inventory:

Hand Weapons
 b - a +3 war axe of flaming (weapon)
 k - a +3 hand axe of venom
Armour
 e - a +3 chain mail
 m - a +2 hat (worn)
 s - a +5 shield of protection (worn)
 C - a +0 plate armour (worn)
 F - a +1 cloak of invisibility (worn)
Jewellery
 g - a ring of protection from cold (left hand)
 r - a ring of protection from magic (right hand)
 y - an amulet of rage (around neck)
Scrolls
 d - a scroll of blinking
 n - 8 scrolls of identify
 p - a scroll of fog
 D - 3 scrolls of remove curse
Potions
 a - a potion of lignification
 c - a potion of brilliance
 i - a potion of heal wounds
 l - 4 potions of curing
 q - 2 potions of mutation {unknown}
 z - 4 potions of flight
 A - a potion of resistance
Comestibles
 f - 7 bread rations
 h - 12 meat rations
 j - 9 royal jellies
 u - 28 chunks of flesh
 v - 14 fruits


   Skills:
 * Level 11.8 Fighting
 + Level 13.5 Axes
 * Level 12.2 Armour
 * Level 9.4 Dodging
 + Level 11.0 Shields


You had 11 spell levels left.
You didn't know any spells.

Dungeon Overview and Level Annotations

Branches:
Dungeon (10/15)            Temple (1/1) D:5            Lair (0/6) D:10
    Orc (2/2) D:10            Elf (0/3) Orc:2

Altars:
Ashenzari
Cheibriados
Dithmenos
Elyvilon
Fedhas
Gozag
Hepliaklqana
Kikubaaqudgha
Makhleb
Nemelex Xobeh
Okawaru
Qazlal
Ru
Sif Muna
Trog
Uskayaw
Vehumet
Xom
Yredelemnul
Zin
The Shining One

Shops:
D:4 ([:   D:7 (   D:8 ==[   Orc:2 ?%


Innate Abilities, Weirdness & Mutations

You reflexively headbutt those who attack you in melee.
You have a pair of horns on your head.
You have large cloven feet.
You are partially covered in thin metallic scales. (AC +2)
You are agile. (Dex +2)
You are dopey. (Int -2)


Message History

You barely miss the orc warrior.
* * * LOW HITPOINT WARNING * * *
You feel sick.
The orc sorcerer mumbles some strange words.
You block the orange demon's attack.
The orange demon hits you but does no damage.
The orc warrior hits you but does no damage.
A gelid demonspawn comes into view. It is wielding a demon blade of venom.
You hit the orc high priest. You burn the orc high priest.
Your kick misses the orc high priest.
The orc high priest is lightly wounded.
You slash the orc sorcerer! You burn the orc sorcerer.
You slash the orange demon! You burn the orange demon!
You hit the orc warrior but do no damage.
You are no longer berserk.
You are exhausted.
You feel yourself slow down.
The orc high priest hits you but does no damage.
You block the orc sorcerer's attack.
You die...

.## ##.## ### #..###.###..###..
.## #...###.## #####...###(.###.
#.####.###...# ##.#.#.###..###
...#.#.##...### ##...#...###..##
.........#.##.# ##)..###...###((#
..............###...##.##...###))
.............###.).##.6.##...))()
............###.))##..# ##...#))
...........###.#@##o.# ##....#
..........###...o)o3# ##).).
.....>...###....o#4## ##..#
..........###.....3.# #....
...........###.#.##..# #....#
............###... #..# #...#..
..[.)........###.. #... #.......
..))).........###. #.##...###..
..)รท<).........## ##...# #..#


You could see a soul eater, an orc high priest, a sun demon, an orange demon, an
orc sorcerer and an orc warrior.

Vanquished Creatures
  An orc warlord (Orc:2)
  A hydra (D:10)
  2 two-headed ogres
  3 orc high priests (Orc:2)
  The ghost of Nattfarinn the Blocker, a novice GrBe of Trog (D:8)
  An infernal demonspawn (Orc:2)
  5 orc knights
  Pikel (D:8)
  3 orc sorcerers
  Maurice (D:8)
  Joseph (D:7)
  A hellwing (Orc:2)
  2 red devils (Orc:2)
  3 trolls
  2 dream sheep (D:10)
  A hippogriff (D:10)
  Prince Ribbit (D:7)
  2 vampires (D:10)
  2 wyverns
  A chaos spawn (Orc:2)
  8 yaks (D:10)
  A hungry ghost (D:8)
  2 hell hounds (D:10)
  2 black bears
  A sky beast (D:5)
  35 orc warriors
  A slave (D:8)
  13 ogres
  2 phantoms
  The ghost of McKennaii the Conjurer, an amateur DrCj (D:4)
  5 centaurs
  9 big kobolds
  7 bullfrogs
  4 gnoll sergeants (D:10)
  A wyvern zombie (D:7)
  3 scorpions
  4 killer bees (D:7)
  3 wights (D:8)
  4 howler monkeys
  4 crimson imps
  A centaur zombie (D:4)
  4 bullfrog zombies
  A jelly (D:7)
  A quasit (D:9)
  4 hounds
  22 orc priests
  An iguana (D:7)
  Terence (D:2)
  21 orc wizards
  6 worker ants
  4 hound zombies (D:4)
  A howler monkey zombie (D:10)
  2 worker ant zombies
  A howler monkey skeleton (D:7)
  8 gnolls
  10 adders
  2 shadow imps
  An adder zombie (D:4)
  An adder skeleton (D:4)
  3 worms (D:2)
  3 leopard geckos
  82 orcs
  7 bats
  7 giant cockroaches
  7 goblins
  2 hobgoblins (D:1)
  11 jackals
  4 quokkas
  5 ball pythons
  6 frilled lizards
  A giant cockroach zombie (D:4)
  10 kobolds
  2 leopard gecko skeletons (D:4)
  A quokka skeleton (D:7)
  3 quokka zombies
  7 rats
  A withered plant (D:4)
399 creatures vanquished.

Vanquished Creatures (others)
  A fungus (D:8)
1 creature vanquished.

Grand Total: 400 creatures vanquished

Notes
Turn   | Place    | Note
-------+----------+-------------------------------------------
     0 | D:1      | HappyOgre the Minotaur Fighter began the quest for the Orb.
     0 | D:1      | Reached XP level 1. HP: 19/19 MP: 0/0
   166 | D:1      | Reached XP level 2. HP: 22/26 MP: 1/1
   644 | D:1      | Reached skill level 3 in Axes
   644 | D:1      | Reached XP level 3. HP: 33/33 MP: 2/2
   991 | D:2      | Noticed Terence
   999 | D:2      | Killed Terence
   999 | D:2      | Reached XP level 4. HP: 40/40 MP: 3/3
  1127 | D:2      | Reached skill level 4 in Axes
  1127 | D:2      | Reached skill level 1 in Dodging
  2410 | D:4      | Reached XP level 5. HP: 42/47 MP: 4/4
  2448 | D:4      | Found Dealy's Weapon Boutique.
  2463 | D:4      | Reached skill level 5 in Axes
  2490 | D:4      | Reached XP level 6. HP: 52/53 MP: 5/5
  2525 | D:4      | Reached skill level 5 in Armour
  2658 | D:4      | Found Maseirep's Book Shop.
  2746 | D:4      | Found Daet's Antique Armour Boutique.
  2791 | D:4      | Reached skill level 5 in Fighting
  2791 | D:4      | Reached skill level 6 in Axes
  2797 | D:4      | Reached XP level 7. HP: 54/61 MP: 6/6
  2877 | D:4      | Noticed McKennaii's ghost (amateur DrCj)
  2888 | D:4      | Killed McKennaii's ghost
  3108 | D:5      | Entered Level 5 of the Dungeon
  3184 | D:5      | Found a sand-covered staircase.
  3210 | D:5      | Reached skill level 7 in Axes
  3491 | D:5      | Reached XP level 8. HP: 70/70 MP: 7/7
  3674 | D:5      | Gained mutation: You are dopey. (Int -2) [mutagenic meat]
  3681 | D:5      | Gained mutation: You are agile. (Dex +2) [mutagenic meat]
  3682 | D:5      | Gained mutation: You are partially covered in thin metallic scales. (AC +2) [mutagenic meat]
  3683 | D:5      | Gained mutation: You have large cloven feet. [mutagenic meat]
  3686 | D:5      | Found a staircase to the Ecumenical Temple.
  3708 | Temple   | Entered the Ecumenical Temple
  3804 | Temple   | Became a worshipper of Trog the Wrathful
  3946 | D:6      | Reached skill level 5 in Shields
  4014 | D:6      | Reached skill level 8 in Axes
  4454 | D:7      | Noticed Joseph
  4469 | D:7      | Killed Joseph
  4469 | D:7      | Reached skill level 9 in Axes
  4469 | D:7      | Reached XP level 9. HP: 53/79 MP: 8/8
  4587 | D:7      | Reached * piety under Trog
  4625 | D:7      | Noticed Prince Ribbit
  4634 | D:7      | Killed Prince Ribbit
  4634 | D:7      | Reached skill level 5 in Dodging
  4780 | D:7      | Found Odaup's Antique Weapon Shoppe.
  4916 | D:8      | Reached ** piety under Trog
  4990 | D:8      | Found a glowing silver altar of Zin.
  5016 | D:8      | Found Fariklal's Jewellery Shoppe.
  5021 | D:8      | Reached skill level 10 in Axes
  5027 | D:8      | Found Eteczenyots's Jewellery Emporium.
  5061 | D:8      | Noticed Maurice
  5099 | D:8      | Killed Maurice
  5205 | D:8      | Found Faohiv's Armour Shop.
  5241 | D:8      | Bought a +2 shield of protection for 344 gold pieces
  5262 | D:8      | Noticed Nattfarinn's ghost (novice GrBe)
  5265 | D:8      | Reached XP level 10. HP: 76/89 MP: 9/9
  5301 | D:8      | Killed Nattfarinn's ghost
  5358 | D:8      | Found a white marble altar of Elyvilon.
  5381 | D:8      | Noticed Pikel
  5394 | D:8      | Killed Pikel
  5918 | D:9      | Noticed a two-headed ogre
  5929 | D:9      | Killed a two-headed ogre
  5929 | D:9      | Reached skill level 11 in Axes
  6106 | D:9      | Reached *** piety under Trog
  6368 | D:10     | Entered Level 10 of the Dungeon
  6397 | D:10     | Noticed a two-headed ogre
  6409 | D:10     | Killed a two-headed ogre
  6409 | D:10     | Reached skill level 10 in Armour
  6442 | D:10     | Reached XP level 11. HP: 97/97 MP: 10/10
  6473 | D:10     | Noticed a two-headed hydra
  6476 | D:10     | Killed a one-headed hydra
  6618 | D:10     | Found a staircase to the Lair.
  6863 | D:10     | Reached **** piety under Trog
  7128 | D:10     | Found a staircase to the Orcish Mines.
  7156 | D:10     | Reached skill level 10 in Fighting
  7224 | Orc:1    | Entered Level 1 of the Orcish Mines
  7224 | Orc:1    | Noticed an orc knight
  7230 | Orc:1    | Reached skill level 12 in Axes
  7238 | Orc:1    | Killed an orc knight
  7250 | Orc:1    | Reached ***** piety under Trog
  7415 | Orc:1    | Received a gift from Trog
  7446 | Orc:1    | Reached skill level 10 in Shields
  7686 | Orc:1    | Noticed an orc sorcerer
  7699 | Orc:1    | Killed an orc sorcerer
  7715 | Orc:2    | Entered Level 2 of the Orcish Mines
  7715 | Orc:2    | Found a staircase to the Elven Halls.
  7804 | Orc:2    | Noticed an orc knight
  7816 | Orc:2    | Killed an orc knight
  7817 | Orc:2    | Reached XP level 12. HP: 103/108 MP: 11/11
  8102 | Orc:2    | Noticed an orc warlord
  8113 | Orc:2    | Killed an orc warlord
  8301 | Orc:2    | Found Kohalaoj's Magic Scroll Boutique.
  8304 | Orc:2    | Found Emebif's Food Shop.
  8308 | Orc:2    | Received a gift from Trog
  8319 | Orc:2    | Reached skill level 13 in Axes
  8401 | Orc:2    | Bought a scroll of remove curse for 54 gold pieces
  8401 | Orc:2    | Bought a scroll of identify for 36 gold pieces
  8401 | Orc:2    | Bought a scroll of identify for 36 gold pieces
  8401 | Orc:2    | Bought a scroll of identify for 36 gold pieces
  8481 | Orc:2    | Noticed an orc high priest
  8492 | Orc:2    | Noticed an orc high priest
  8498 | Orc:2    | Killed an orc high priest
  8515 | Orc:2    | Noticed an orc high priest
  8515 | Orc:2    | Killed an orc high priest
  8519 | Orc:2    | Noticed an orc high priest
  8528 | Orc:2    | Killed an orc high priest
  8529 | Orc:2    | HP: 4/168 [orange demon[an orc sorcerer] (8)]
  8532 | Orc:2    | Succumbed to an orange demon's poison

Skill      XL: |  1  2  3  4  5  6  7  8  9 10 11 12 |
---------------+-------------------------------------+-----
Fighting       | 4 5 7 8 9 10 11 | 11.8
Axes           | 3 4 5 6 7 9 10 11 12 13 | 13.5
Armour         | 4 5 6 8 10 11 12 | 12.2
Dodging        | 1 2 3 4 5 7 8 9 |  9.4
Shields        | 4 5 7 8 10 11 | 11.0

Action                   |  1- 3 |  4- 6 |  7- 9 | 10-12 || total
-------------------------+-------+-------+-------+-------++-------
Melee: War axe           |    87 |   119 |   127 |   115 ||   448
       Headbutt          |    10 |    12 |    44 |   110 ||   176
       Hand axe          |       |       |   139 |   439 ||   578
       Kick              |       |       |    47 |   196 ||   243
Invok: Berserk           |       |       |     3 |    11 ||    14
       Trog's Hand       |       |       |     2 |     1 ||     3
       Burn Spellbooks   |       |       |     1 |       ||     1
       Brothers in Arms  |       |       |       |     1 ||     1
Evoke: Wand              |       |       |     1 |       ||     1
  Use: Scroll            |     7 |     7 |     8 |     3 ||    25
       Potion            |     2 |       |     7 |     7 ||    16
  Eat: Meat ration       |       |     1 |       |       ||     1
       Chunk             |       |     1 |     8 |    20 ||    29
       Fruit             |       |       |     9 |     1 ||    10
Armor: Scale mail        |    37 |    43 |       |       ||    80
       Chain mail        |       |    17 |   105 |   102 ||   224
       Skin              |       |       |    30 |       ||    30
       Plate armour      |       |       |       |    55 ||    55
Dodge: Dodged            |    18 |    37 |    61 |    90 ||   206
Block: Shield            |    37 |    57 |   126 |   383 ||   603
